Map: Acolyte LE

Players

SonOFAiur - Winner!

  • Race: Protoss Protoss
  • League: Platinum
  • Spawn Location: 1:00

Juxtapose

  • Race: Zerg Zerg
  • League: Gold
  • Spawn Location: 7:00

VOD

https://youtu.be/x6zivoe0sg4

Description

This was a really fun match, and the first time I encountered mass Oracles as Zerg, and was it effective; my entire economy pretty much got wiped out.

I'm very pleased though with my use of Swarm Hosts in this match; the first time I've ever used them effectively and I actually killed more workers with them than my opponent did with his Oracles!

I also played SonOFAiur in an Unranked match back in May, I was Zerg he was Terran, and I won that match. He got me back this time!

Time

  • Played on: Oct. 1, 2017, 11:09 a.m.
  • Length: 17:08
Show
View Real Time Build Order
Export as new Build Order

SonOFAiur Protoss - Winner!

Build Orders:  

Get SALT Encoding   

  12  0:01  Probe (Chrono Boost)  
  13  0:16  Probe (Chrono Boost)  
  13  0:20  Pylon  
  14  0:26  Probe (Chrono Boost)  
  15  0:39  Probe (Chrono Boost)  
  16  0:44  Gateway  
  16  0:50  Assimilator  
  16  0:51  Probe (Chrono Boost)  
  17  1:03  Pylon  
  17  1:14  Probe (Chrono Boost)  
  18  1:24  Probe (Chrono Boost)  
  19  1:35  Cybernetics Core  
  19  1:49  Nexus  
  19  1:58  Pylon  
  19  2:00  Probe (Chrono Boost)  
  20  2:10  Probe (Chrono Boost)  
  20  2:12  Stalker  
  23  2:21  Mothership Core (Chrono Boost)  
  25  2:33  Warp Gate (Chrono Boost)  
  25  2:40  Probe  
  26  2:57  Adept  
  27  3:04  Pylon  
  27  3:05  Assimilator  
  27  3:10  Pylon  
  27  3:11  Gateway  
  27  3:18  Probe  
  28  3:21  Pylon  
  28  3:30  Probe x2  
  30  3:40  Probe  
  30  3:43  Adept, Probe  
  34  3:51  Probe  
  34  3:54  Assimilator  
  34  3:55  Probe  
  36  4:01  Probe  
  36  4:02  Stargate  
  36  4:04  Assimilator  
  36  4:07  Probe  
  38  4:17  Stargate  
  38  4:19  Probe  
  39  4:25  Probe  
  39  4:31  Probe  
  41  4:36  Probe  
  42  4:43  Protoss Air Weapons Level 1 (Chrono Boost), Probe  
  44  4:55  Probe  
  44  4:56  Probe  
  45  5:05  Oracle  
  45  5:07  Oracle  
  48  5:08  Nexus  
  51  5:21  Probe  
  51  5:22  Probe  
  53  5:31  Probe  
  53  5:33  Pylon  
  53  5:34  Probe  
  55  5:41  Oracle  
  58  5:42  Oracle  
  61  5:56  Probe  
  61  5:58  Probe  
  63  6:07  Probe  
  63  6:10  Fleet Beacon, Probe  
  65  6:12  Stargate  
  65  6:16  Oracle  
  65  6:17  Probe  
  68  6:22  Probe  
  68  6:25  Oracle, Probe  
  70  6:28  Probe  
  75  6:34  Probe  
  75  6:36  Probe  
  75  6:38  Probe  
  77  6:41  Assimilator  
  77  6:44  Assimilator  
  77  6:46  Probe x2  
  79  6:49  Probe  
  81  6:57  Anion Pulse-Crystals (Chrono Boost), Probe  
  81  6:58  Probe  
  81  6:59  Probe  
  84  7:03  Phoenix x2  
  84  7:07  Phoenix  
  90  7:10  Probe  
  90  7:13  Probe  
  90  7:14  Probe  
  93  7:20  Forge  
  93  7:23  Pylon  
  93  7:30  Pylon  
  93  7:31  Pylon  
  93  7:32  Pylon  
  93  7:35  Pylon  
  93  7:39  Probe x2  
  93  7:41  Pylon, Probe  
  93  7:43  Pylon  
  96  7:50  Probe  
  96  7:53  Probe  
  88  8:30  Phoenix  
  88  8:33  Phoenix x2  
  94  8:54  Probe x2  
  94  8:55  Phoenix, Probe  
  97  8:58  Phoenix x2  
  103  9:02  Graviton Catapult (Chrono Boost)  
  103  9:04  Probe  
  103  9:05  Probe  
  103  9:07  Probe  
  106  9:15  Probe x2  
  101  9:20  Phoenix, Probe  
  101  9:23  Phoenix, Carrier  
  110  9:26  Probe x2  
  112  9:32  Probe  
  112  9:36  Probe x2  
  115  9:44  Carrier  
  121  9:47  Carrier  
  119  10:19  Probe x2  
  119  10:20  Probe  
  116  10:27  Protoss Air Armor Level 1  
  116  10:29  Probe x2  
  116  10:32  Probe  
  116  10:34  Stalker  
  121  10:38  Pylon  
  121  10:40  Probe x2  
  123  10:44  Probe  
  123  10:48  Carrier  
  130  10:50  Probe  
  130  10:51  Probe  
  130  10:56  Stargate, Probe  
  133  11:01  Pylon, Probe x2  
  135  11:06  Assimilator  
  135  11:09  Probe  
  136  11:11  Pylon  
  136  11:12  Nexus, Pylon x2  
  136  11:14  Pylon  
  136  11:15  Photon Cannon  
  136  11:17  Pylon  
  136  11:19  Carrier x2  
  148  11:29  Probe x2  
  148  11:31  Probe  
  151  11:40  Probe x2  
  151  11:43  Probe  
  154  11:50  Probe  
  154  11:51  Probe  
  156  12:14  Carrier  
  162  12:16  Photon Cannon x2  
  162  12:21  Carrier  
  168  12:45  Carrier x2  
  180  12:55  Assimilator  
  180  12:58  Assimilator  
  180  13:02  Protoss Air Weapons Level 2 (Chrono Boost)  
  180  13:11  Cybernetics Core  
  180  13:12  Pylon  
  180  13:26  Photon Cannon  
  180  13:28  Photon Cannon  
  180  13:30  Photon Cannon  
  180  13:32  Photon Cannon  
  180  13:33  Photon Cannon  
  180  13:35  Photon Cannon  
  180  13:37  Photon Cannon  
  180  13:38  Photon Cannon  
  180  13:43  Photon Cannon  
  180  13:45  Photon Cannon  
  180  14:33  Carrier x2  
  194  14:58  Protoss Shields Level 1  
  194  15:04  Protoss Air Armor Level 2 (Chrono Boost)  
  194  15:20  Stargate  
  194  15:21  Stargate  
  194  15:25  Stargate x3  
Show
View Real Time Build Order
Export as new Build Order

Juxtapose Zerg 

Build Orders: Pool First, Swarm Host 

Get SALT Encoding   

  12  0:01  Drone  
  13  0:10  Drone  
  14  0:18  Overlord  
  14  0:37  Drone x2  
  16  0:49  Spawning Pool, Drone  
  16  0:50  Drone  
  16  0:55  Extractor  
  16  1:04  Overlord  
  16  1:22  Drone  
  16  1:24  Drone  
  18  1:36  Queen  
  18  1:37  Zergling x2  
  21  1:46  Zergling x2  
  22  1:53  Zergling x2  
  23  2:06  Zergling x2  
  24  2:18  Zergling x2  
  25  2:32  Drone  
  25  2:36  Metabolic Boost, Extractor  
  25  2:47  Hatchery  
  25  2:51  Lair  
  24  2:55  Roach Warren  
  23  3:00  Overlord  
  23  3:02  Drone  
  23  3:03  Drone x2  
  26  3:14  Drone  
  25  3:40  Roach x2  
  25  3:41  Roach x2  
  33  3:48  Overlord  
  33  3:55  Glial Reconstitution  
  33  3:59  Queen, Drone  
  36  4:11  Roach  
  38  4:17  Drone x2  
  38  4:18  Drone  
  41  4:30  Evolution Chamber  
  40  4:36  Ravager  
  40  4:37  Ravager  
  42  4:40  Drone x2  
  44  4:46  Roach x2  
  48  4:58  Drone x2  
  50  5:05  Ravager  
  51  5:11  Overseer  
  51  5:18  Overlord x2  
  51  5:27  Drone  
  52  5:39  Infestation Pit  
  52  5:41  Roach x5  
  61  5:48  Drone x3  
  64  5:51  Drone  
  65  6:17  Overlord x2  
  65  6:30  Overlord  
  65  6:41  Swarm Host  
  65  6:42  Swarm Host x2  
  74  6:50  Overlord x4  
  74  6:52  Swarm Host x3  
  83  7:06  Overlord  
  83  7:08  Queen x2  
  87  7:30  Spore Crawler  
  87  7:33  Spore Crawler  
  49  8:24  Drone  
  49  8:25  Drone x8  
  58  8:31  Drone x7  
  58  8:32  Drone x3  
  68  8:49  Drone  
  68  8:53  Drone  
  70  9:34  Drone x3  
  73  9:39  Spore Crawler  
  72  9:48  Hydralisk Den  
  71  9:54  Drone x2  
  71  9:55  Drone x3  
  61  10:24  Drone x3  
  61  10:25  Spore Crawler  
  63  10:34  Extractor  
  62  10:37  Extractor  
  62  10:38  Queen  
  62  10:40  Queen  
  65  10:46  Overseer  
  65  10:47  Overseer  
  65  10:49  Hydralisk x2  
  69  11:07  Drone  
  70  11:13  Queen  
  72  11:21  Drone x5  
  77  11:26  Hatchery  
  76  11:33  Hydralisk x5  
  86  11:51  Hydralisk x2  
  86  11:52  Hydralisk  
  92  12:13  Drone  
  92  12:14  Drone x2  
  95  12:25  Overlord x3  
  95  12:27  Burrow  
  95  12:34  Muscular Augments  
  95  12:38  Drone  
  96  12:57  Spore Crawler  
  95  13:01  Spire  
  94  13:16  Drone x2  
  94  13:17  Drone  
  97  13:23  Drone x5  
  97  13:24  Hydralisk x7  
  116  13:38  Pneumatized Carapace  
  116  13:52  Zerg Missile Weapons Level 1  
  116  14:03  Overlord x4  
  116  14:09  Extractor  
  115  14:10  Extractor  
  115  14:15  Pathogen Glands  
  114  14:30  Hive  
  114  14:38  Drone x2  
  114  14:39  Drone x3  
  119  14:50  Infestor x3  
  119  14:51  Swarm Host  
  119  14:52  Swarm Host  
  131  15:08  Drone x3  
  134  15:25  Hatchery  
  133  15:28  Corruptor x3  
  133  15:29  Corruptor x2  
  143  15:49  Hydralisk  
  145  16:14  Overlord x6  
  145  16:15  Overlord x2  
  145  16:31  Corruptor x2  
  145  16:32  Corruptor x4  
Tags
 
Composition
Swarm Host
Matchup
PvZ
Opening
Pool First
Spawn Locations
Cross Positions
Add a new tag
Caveats
  • Supply blocks, unpowered buildings, or Contaminate may cause inaccurate times.
  • Supply counts are checked every 10 seconds.